 Dungeon Crawl Stone Soup version 0.18.1-50-g88ac8fd (webtiles) character file.

8980 Nordron the Geomancer (level 11, -8/96 HPs)
             Began as a Gargoyle Earth Elementalist on Sept 26, 2016.
             Was a Believer of Vehumet.
             Mangled by a freezing wraith (18 damage)
             ... in an ice cave.
             The game lasted 01:06:19 (9538 turns).

Nordron the Geomancer (Gargoyle Earth Elementalist) Turns: 9538, Time: 01:06:23

Health: -8/96      AC: 16    Str: 16    XL:     11   Next: 39%
Magic:  25/32      EV: 13    Int: 24    God:    Vehumet [**....]
Gold:   347        SH:  0    Dex: 10    Spells: 3 memorised, 18 levels left

rFire  + . .     SeeInvis .     E - +9 mace "Pithreretz" {crush, rPois Int+4}
rCold  . . .     Gourm    .     y - +1 robe {MR+}
rNeg   + . .     Faith    .     (no shield)
rPois  ∞         Spirit   .     D - +2 hat
rElec  +         Dismiss  .     t - +0 cloak
rCorr  .         Reflect  .     C - +0 pair of gloves
SustAt .         Harm     .     o - +0 pair of boots
MR     +....                    (no amulet)
Stlth  ..........               J - ring of protection from fire
                                u - ring of magical power

@: berserking, slowed, somewhat resistant to hostile enchantments, extremely
unstealthy
A: negative energy resistance 1, electricity resistance, unbreathing,
petrification resistance, rot immunity, AC +7
a: Renounce Religion


You were in an ice cave.
You worshipped Vehumet.
Vehumet was pleased with you.
You were hungry.

You visited 3 branches of the dungeon, and saw 11 of its levels.
You also visited: Ice Cave.

You collected 539 gold pieces.
You spent 192 gold pieces at shops.

Inventory:

Hand Weapons
 r - the +3 falchion of the Abyss {drain, rN+ MR++ Str+7}
   (You found it on level 1 of the Lair of Beasts)

   A truly terrible weapon, it drains the life of those it strikes.
   It affects your strength (+7).
   It protects you from negative energy.
   It affects your resistance to hostile enchantments.
 E - the +9 mace "Pithreretz" (weapon) {crush, rPois Int+4}
   (You bought it in a shop on level 4 of the Dungeon)

   It inflicts extra damage upon your enemies.
   It affects your intelligence (+4).
   It protects you from poison.
Missiles
 b - 110 stones (quivered)
Armour
 o - a +0 pair of boots (worn)
 t - a +0 cloak (worn)
 y - a +1 robe of magic resistance (worn)
 C - a +0 pair of gloves (worn)
 D - a +2 hat (worn)
Jewellery
 u - a ring of magical power (left hand)
 I - an uncursed amulet of rage
 J - a ring of protection from fire (right hand)
Wands
 H - a wand of paralysis (10/24)
 L - a wand of digging (16/24)
Scrolls
 f - a scroll of recharging
 g - 9 scrolls of remove curse
 h - a scroll of enchant weapon
 i - 12 scrolls of identify
 j - 3 scrolls of magic mapping
 n - 7 scrolls of teleportation
 q - a scroll of enchant armour {unknown}
 w - 2 scrolls of random uselessness {unknown}
 A - a scroll of fear {unknown}
 G - 2 scrolls of amnesia {unknown}
Potions
 a - a potion of agility {unknown}
 e - a potion of cancellation {unknown}
 k - 2 potions of ambrosia {unknown}
 m - 3 potions of lignification
 p - 6 potions of curing
 s - a potion of cure mutation {unknown}
 z - 3 potions of might
 B - 2 potions of heal wounds {unknown}
 F - 2 potions of berserk rage
 K - a potion of degeneration {unknown}
 N - a potion of mutation {unknown}
 O - a potion of invisibility {unknown}
 P - a potion of resistance {unknown}
Books
 c - a book of Geomancy

   Spells                             Type                      Level
   a - Sandblast                      Earth                        1
   b - Passwall                       Transmutation/Earth          2
   c - Stone Arrow                    Conjuration/Earth            3
   d - Petrify                        Transmutation/Earth          4
   e - Lee's Rapid Deconstruction     Earth                        5
Miscellaneous
 M - an ornate deck of defence
Comestibles
 d - 9 bread rations
 l - 4 meat rations
 v - 3 fruits
 x - 4 beef jerkies


   Skills:
 + Level 6.2 Fighting
 + Level 5.0 Maces & Flails
 + Level 5.4 Armour
 + Level 4.5 Dodging
 - Level 2.1 Stealth
 * Level 8.8 Spellcasting
 + Level 6.9 Conjurations
   Level 0.7 Transmutations
 + Level 9.0 Earth Magic
 + Level 3.5 Evocations


You had 18 spell levels left.
You knew the following spells:

 Your Spells              Type           Power        Failure   Level  Hunger
a - Sandblast             Erth           ######       1%          1    None
b - Stone Arrow           Conj/Erth      #####.       1%          3    None
c - Lee's Rapid Deconstr  Erth           ######....   4%          5    ####...


Dungeon Overview and Level Annotations

Branches:
Dungeon (8/15)             Temple (1/1) D:4            Lair (2/8) D:8

Altars:
Ashenzari
Cheibriados
Dithmenos
Elyvilon
Fedhas
Gozag
Kikubaaqudgha
Makhleb
Nemelex Xobeh
Okawaru
Pakellas
Qazlal
Ru
Sif Muna
Trog
Vehumet
Xom
Yredelemnul
Zin
The Shining One

Shops:
D:4 (?(   D:6 !   D:7 }=[


Innate Abilities, Weirdness & Mutations

You are resistant to torment.
Your stone body is resilient (AC +7).
You are immune to poison.
You resist negative energy.
You are resistant to electric shocks.
You can survive without breathing.
You are immune to petrification.
You are immune to rotting.


Message History

* * * LOW HITPOINT WARNING * * *
The freezing wraith hits you but does no damage.
The freezing wraith closely misses you.
The freezing wraith hits you but does no damage.
The freezing wraith barely misses you. The freezing wraith hits you!
* * * LOW HITPOINT WARNING * * *
The freezing wraith drains your vigour!
You feel as though you will be slow longer.
Read which item? (? for menu, Esc to quit)
Okay, then.
Drink which item? (? for menu, Esc to quit)
Okay, then.
It was a potion of berserk rage.
A red film seems to cover your vision as you go berserk!
You feel yourself moving faster!
You feel mighty!
The freezing wraith hits you but does no damage.
The freezing wraith misses you. The freezing wraith hits you!
* * * LOW HITPOINT WARNING * * *
The freezing wraith freezes you!!
You die...

##...#
####..........
#...#
##.............
#..###
##....###.......
#....## #...###
###...##
##....## #..##
#####
###...###...#
##...###..##
##.W.###..##
##W@.###..##
###.......#
###....## ######


You could see 2 freezing wraiths.

Vanquished Creatures
  Gastronok (D:8)
  2 spiny frogs (Lair:1)
  A komodo dragon (Lair:1)
  2 freezing wraiths (IceCv)
  A wolf spider simulacrum (IceCv)
  A two-headed ogre (D:7)
  A spriggan (D:8)
  5 yaks (Lair:1)
  A death yak simulacrum (IceCv)
  A water moccasin (Lair:1)
  The ghost of Naarciss the Conjurer, an amateur DECj (D:3)
  An orc warrior (D:7)
  Duvessa (D:4)
  A sky beast (D:8)
  7 ice beasts
  2 phantoms
  A necrophage (D:8)
  5 ogres
  The ghost of alienpizza the Ruffian, an amateur DrTm of Trog (D:4)
  2 crocodiles
  4 centaurs
  5 giant frogs
  Blork the orc (D:6)
  A wyvern zombie (D:6)
  Dowan (D:4)
  2 scorpions
  2 water moccasin skeletons
  4 howler monkeys
  A wasp zombie (D:8)
  A jelly (D:6)
  7 orc priests
  2 hounds
  4 orc wizards
  A centaur skeleton (D:5)
  Natasha (D:2)
  2 gnoll shamans
  3 iguanas
  7 worker ants
  A killer bee zombie (D:8)
  A polar bear simulacrum (IceCv)
  7 sheep (Lair:2)
  A wolf simulacrum (IceCv)
  2 hound skeletons
  A worker ant zombie (D:6)
  Robin (D:2)
  9 gnolls
  9 adders
  3 shadow imps
  17 white imps
  4 oozes
  3 adder skeletons
  An adder zombie (D:8)
  A worm (D:2)
  12 dart slugs
  4 giant geckos
  24 orcs
  6 giant cockroaches
  17 goblins
  9 hobgoblins
  2 jackals (D:6)
  10 kobolds
  6 quokkas
  7 bats
  8 giant newts
  A jackal skeleton (D:8)
  6 rats
260 creatures vanquished.

Vanquished Creatures (others)
  A fulminant prism (D:3)
1 creature vanquished.

Grand Total: 261 creatures vanquished

Notes
Turn   | Place    | Note
--------------------------------------------------------------
     0 | D:1      | Nordron the Gargoyle Earth Elementalist began the quest for the Orb.
     0 | D:1      | Reached XP level 1. HP: 10/10 MP: 3/3
   162 | D:1      | Reached XP level 2. HP: 13/15 MP: 0/5
   453 | D:1      | Reached XP level 3. HP: 14/19 MP: 0/7
   477 | D:1      | Learned a level 3 spell: Stone Arrow
   750 | D:2      | Reached skill level 4 in Earth Magic
   802 | D:2      | Found a shimmering altar of Xom.
   802 | D:2      | Found a shimmering altar of Xom.
   815 | D:2      | Found a shimmering altar of Xom.
   815 | D:2      | Found a shimmering altar of Xom.
   816 | D:2      | Found a shimmering altar of Xom.
   822 | D:2      | Found a shimmering altar of Xom.
   834 | D:2      | Found a shimmering altar of Xom.
   955 | D:2      | Found a glowing silver altar of Zin.
   981 | D:2      | Reached XP level 4. HP: 24/24 MP: 3/9
  1201 | D:2      | Noticed Natasha
  1210 | D:2      | Killed Natasha
  1210 | D:2      | Reached skill level 1 in Conjurations
  1651 | D:2      | Noticed Robin
  1657 | D:2      | Reached XP level 5. HP: 24/28 MP: 4/10
  1678 | D:2      | Killed Robin
  1678 | D:2      | Reached skill level 5 in Earth Magic
  2202 | D:3      | Noticed Naarciss's ghost (amateur DECj)
  2214 | D:3      | Killed Naarciss's ghost
  2214 | D:3      | Reached XP level 6. HP: 20/32 MP: 8/12
  2224 | D:3      | Learned a level 5 spell: Lee's Rapid Deconstruction
  2852 | D:4      | Noticed Dowan
  2855 | D:4      | Noticed Duvessa
  2861 | D:4      | Killed Dowan
  2861 | D:4      | Reached XP level 7. HP: 36/36 MP: 14/14
  2869 | D:4      | Killed Duvessa
  2869 | D:4      | Reached skill level 5 in Spellcasting
  2869 | D:4      | Reached skill level 6 in Earth Magic
  3043 | D:4      | Found a staircase to the Ecumenical Temple.
  3054 | Temple   | Entered the Ecumenical Temple
  3124 | D:4      | Found Lere Leiw's Antique Weapon Shoppe.
  3127 | D:4      | Bought a bone mace for 192 gold pieces
  3128 | D:4      | Identified the +9 mace "Pithreretz" {crush, rPois Int+4} (You bought it in a shop on level 4 of the Dungeon)
  3172 | D:4      | Found Butux's Magic Scroll Boutique.
  3180 | D:4      | Reached skill level 1 in Maces & Flails
  3215 | D:4      | Reached skill level 1 in Fighting
  3215 | D:4      | Reached skill level 1 in Armour
  3221 | D:4      | Found Miorux's Antique Weapon Boutique.
  3286 | D:4      | Noticed alienpizza's ghost (amateur DrTm)
  3297 | D:4      | Killed alienpizza's ghost
  3297 | D:4      | Reached XP level 8. HP: 40/43 MP: 16/16
  3446 | D:5      | Entered Level 5 of the Dungeon
  4295 | D:5      | Reached skill level 7 in Earth Magic
  4295 | D:5      | Reached XP level 9. HP: 15/50 MP: 18/18
  4986 | D:6      | Noticed Blork the orc
  5080 | D:6      | Killed Blork the orc
  5112 | D:6      | Found Eroemeeq's Distillery.
  5159 | D:6      | Reached skill level 5 in Conjurations
  5383 | D:6      | Found a snail-covered altar of Cheibriados.
  5385 | D:6      | Found a stormy altar of Qazlal.
  5847 | D:7      | Reached skill level 1 in Evocations
  5888 | D:7      | Found a radiant altar of Vehumet.
  5894 | D:7      | Became a worshipper of Vehumet
  5939 | D:7      | Found Hutoucao's Antique Armour Shop.
  5949 | D:7      | Found Hogg's Jewellery Shoppe.
  6099 | D:7      | Noticed a two-headed ogre
  6103 | D:7      | Killed a two-headed ogre
  6108 | D:7      | Found Dusekeke's Gadget Boutique.
  6284 | D:7      | Found an opulent altar of Gozag.
  6441 | D:8      | Reached XP level 10. HP: 52/58 MP: 21/21
  6587 | D:8      | Reached skill level 8 in Earth Magic
  6782 | D:8      | Noticed Gastronok
  7096 | D:8      | Found a staircase to the Lair.
  7276 | D:8      | Found a blossoming altar of Fedhas.
  7278 | D:8      | Found an ancient bone altar of Kikubaaqudgha.
  7316 | D:8      | Found a basalt altar of Yredelemnul.
  7317 | D:8      | Found a white marble altar of Elyvilon.
  7318 | D:8      | Found a deep blue altar of Sif Muna.
  7318 | D:8      | Found an iron altar of Okawaru.
  7318 | D:8      | Found an oddly glowing altar of Pakellas.
  7458 | D:8      | HP: 2/58 [Gastronok/the air (5)]
  7812 | D:8      | Killed Gastronok
  7812 | D:8      | Reached skill level 5 in Fighting
  7926 | Lair:1   | Entered Level 1 of the Lair of Beasts
  7926 | Lair:1   | Noticed a spiny frog
  7947 | Lair:1   | Killed a spiny frog
  8217 | Lair:1   | Reached skill level 5 in Armour
  8223 | Lair:1   | Reached XP level 11. HP: 64/64 MP: 10/23
  8385 | Lair:1   | Got a polished falchion
  8386 | Lair:1   | Identified the +3 falchion of the Abyss {drain, rN+ MR++ Str+7} (You found it on level 1 of the Lair of Beasts)
  8568 | Lair:1   | Found a shadowy altar of Dithmenos.
  8914 | Lair:2   | Reached * piety under Vehumet
  8914 | Lair:2   | Offered knowledge of Shock by Vehumet.
  9012 | Lair:2   | Found a frozen archway.
  9117 | IceCv    | Entered an ice cave
  9122 | IceCv    | Reached skill level 9 in Earth Magic
  9190 | IceCv    | Reached ** piety under Vehumet
  9190 | IceCv    | Offered knowledge of Sting by Vehumet.
  9439 | IceCv    | Reached skill level 5 in Maces & Flails
  9538 | IceCv    | Mangled by a freezing wraith

Skill      XL: |  1  2  3  4  5  6  7  8  9 10 11 |
---------------+----------------------------------+-----
Spellcasting   | 3 4 5 6 7 8 |  8.8
Earth Magic    | 4 5 6 7 8 9 |  9.0
Conjurations   | 1 2 3 4 5 6 |  6.9
Maces & Flails | 1 2 3 4 5 |  5.0
Fighting       | 1 3 4 5 6 |  6.2
Armour         | 1 2 3 5 |  5.4
Dodging        | 2 3 4 |  4.5
Evocations     | 1 3 |  3.5
Stealth        | |  2.1
Transmutations | |  0.7

Action                   |  1- 3 |  4- 6 |  7- 9 | 10-12 || total
-------------------------+-------+-------+-------+-------++-------
Melee: Unarmed           |     6 |       |       |       ||     6
       Dagger            |    18 |    66 |       |       ||    84
       Mace              |       |       |   106 |   118 ||   224
 Cast: Sandblast         |    58 |   130 |   172 |    77 ||   437
       Stone Arrow       |       |       |       |    64 ||    64
       Lee's Rapid Decon |       |       |       |     6 ||     6
  Use: Scroll            |       |       |     6 |     3 ||     9
       Potion            |       |       |       |     1 ||     1
  Eat: Chunk             |       |     6 |    10 |     9 ||    25
       Fruit             |       |       |     1 |     2 ||     3
Armor: Robe              |    20 |    44 |    76 |   102 ||   242
Dodge: Dodged            |    24 |    83 |   110 |   120 ||   337
